Map: Dusk Towers

Players

LilDicky - Winner!

  • Race: Protoss Protoss
  • League: Diamond

SNSD

  • Race: Zerg Zerg
  • League: Platinum

VOD

http://www.twitch.tv/tumescentpie

Description

Time

  • Played on: Jan. 4, 2016, 4:10 a.m.
  • Length: 20:11
Show
View Real Time Build Order
Export as new Build Order

LilDicky Protoss - Winner!

Build Orders: 1 Gate Expand 

Get SALT Encoding   

  12  0:02  Probe (Chrono Boost)  
  13  0:12  Probe (Chrono Boost)  
  14  0:23  Probe (Chrono Boost)  
  15  0:31  Pylon  
  15  0:49  Probe (Chrono Boost)  
  16  0:50  Gateway  
  16  0:59  Probe (Chrono Boost)  
  17  1:15  Nexus  
  17  1:22  Assimilator  
  17  1:29  Probe (Chrono Boost)  
  18  1:33  Pylon  
  18  1:40  Cybernetics Core  
  18  1:41  Zealot (Chrono Boost)  
  20  1:48  Probe  
  21  2:03  Probe  
  22  2:15  Probe  
  23  2:16  Warp Gate (Chrono Boost)  
  23  2:22  Assimilator  
  23  2:27  Probe x2  
  25  2:47  Probe  
  26  2:58  Gateway  
  26  2:59  Gateway  
  26  3:01  Gateway x2  
  26  3:06  Pylon  
  26  3:08  Robotics Facility  
  26  3:09  Probe  
  27  3:14  Probe  
  28  3:21  Probe  
  28  3:25  Probe  
  30  3:33  Probe  
  31  3:35  Probe  
  31  3:37  Stalker (Chrono Boost)  
  34  3:46  Mothership Core, Probe  
  37  3:55  Warp Prism  
  39  4:04  Gateway  
  39  4:09  Pylon  
  39  4:26  Pylon  
  39  4:29  Probe  
  39  4:30  Probe  
  41  4:36  Adept  
  41  4:37  Adept x4  
  51  4:39  Probe  
  51  4:42  Probe  
  53  5:12  Adept  
  53  5:13  Adept x2  
  53  5:14  Adept x3  
  63  5:38  Adept x3  
  65  5:56  Adept x3  
  67  6:03  Pylon  
  67  6:04  Immortal  
  69  6:06  Pylon  
  57  6:19  Probe  
  57  6:20  Probe  
  57  6:25  Gateway x2  
  59  6:37  Probe  
  59  6:38  Probe  
  61  6:46  Immortal  
  65  6:47  Probe  
  65  6:50  Probe  
  67  7:00  Adept x2  
  67  7:01  Adept x3  
  77  7:13  Adept  
  79  7:21  Adept (Chrono Boost)  
  79  7:27  Adept x4  
  85  7:32  Nexus  
  85  7:35  Pylon  
  83  7:37  Pylon  
  83  7:48  Adept (Chrono Boost)  
  73  8:14  Adept x4  
  73  8:15  Adept x2 (Chrono Boost)  
  73  8:21  Adept  
  73  8:22  Adept x3  
  73  8:30  Forge  
  73  8:39  Gateway x2  
  73  8:40  Probe  
  75  8:41  Gateway  
  75  8:42  Probe x2, Adept (Chrono Boost)  
  75  8:46  Pylon  
  78  8:51  Probe  
  78  8:52  Probe  
  78  8:54  Probe  
  78  8:55  Adept x3  
  85  8:56  Adept x2  
  91  9:09  Adept (Chrono Boost)  
  75  9:33  Adept x3  
  75  9:35  Adept (Chrono Boost)  
  75  9:38  Immortal (Chrono Boost)  
  87  9:41  Probe x2  
  87  9:42  Probe  
  90  9:45  Adept x2  
  90  9:46  Adept x2  
  90  9:51  Probe x2  
  98  9:54  Probe  
  101  10:02  Probe  
  101  10:06  Probe  
  103  10:13  Immortal (Chrono Boost)  
  107  10:18  Adept x2  
  107  10:19  Stalker, Adept  
  107  10:20  Stalker x4  
  117  10:37  Adept  
  117  10:41  Zealot x2  
  117  10:42  Zealot  
  123  10:49  Adept x4  
  119  11:04  Adept  
  115  11:15  Adept x4  
  121  11:21  Protoss Ground Weapons Level 1  
  121  11:23  Adept x2  
  125  11:28  Pylon  
  125  11:38  Nexus  
  125  11:40  Pylon  
  125  11:41  Pylon  
  125  11:42  Pylon  
  125  11:43  Pylon x2  
  125  11:47  Twilight Council  
  125  11:57  Adept  
  125  11:58  Adept x3  
  133  12:08  Sentry  
  133  12:09  Sentry  
  133  12:13  Pylon  
  137  12:21  Adept x4  
  137  12:22  Adept x2  
  131  13:00  Immortal (Chrono Boost)  
  131  13:02  Stalker x3  
  131  13:05  Zealot x7  
  147  13:10  Assimilator  
  147  13:11  Assimilator  
  153  13:23  Assimilator x2  
  153  13:33  Assimilator  
  153  13:34  Assimilator  
  153  13:47  Zealot x2  
  153  13:48  Zealot x4  
  161  13:49  Zealot x2  
  161  13:50  Charge (Chrono Boost)  
  161  13:51  Nexus  
  169  13:58  Gateway  
  169  13:59  Gateway  
  169  14:00  Immortal  
  173  14:11  Adept x2  
  173  14:12  Adept x2  
  173  14:13  Adept x2  
  173  14:16  Pylon  
  185  14:22  Pylon  
  185  14:27  Pylon  
  185  14:53  Photon Cannon x2  
  185  14:54  Assimilator  
  185  14:58  Assimilator  
  185  15:02  Pylon  
  185  15:03  Pylon  
  185  15:05  Pylon  
  185  15:07  Pylon  
  185  15:08  Zealot  
  185  15:09  Zealot x2  
  185  15:13  Zealot  
  193  15:32  Sentry x2  
  183  16:05  Zealot x4  
  183  16:07  Protoss Ground Weapons Level 2  
  191  16:15  Observer  
  140  16:48  Stalker x4  
  140  16:49  Stalker x5  
  140  16:50  Stalker x4  
  152  17:03  Observer  
  153  17:13  Resonating Glaives (Chrono Boost)  
  153  17:16  Dark Shrine  
  153  17:27  Warp Prism  
  129  18:04  Warp Prism  
  119  18:34  Dark Templar  
  119  18:35  Dark Templar x4  
  119  18:36  Dark Templar x2  
  119  18:37  Zealot x2  
  119  18:38  Zealot x4  
  129  19:16  Archon x2  
  110  19:38  Dark Templar  
  110  19:39  Dark Templar x6  
  110  19:40  Dark Templar x5  
  110  19:41  Dark Templar  
  136  19:48  Gateway  
  136  19:51  Gateway  
  136  19:53  Gateway  
  136  19:55  Gateway  
  136  19:57  Gateway  
  136  19:58  Nexus  
  136  19:59  Gateway  
  136  20:01  Gateway, Nexus, Pylon  
  136  20:02  Pylon  
  136  20:05  Pylon x2  
  136  20:06  Gateway, Pylon  
  134  20:08  Pylon  
  134  20:09  Pylon  
Show
View Real Time Build Order
Export as new Build Order

SNSD Zerg 

Build Orders: Pool First 

Get SALT Encoding   

  12  0:01  Drone  
  13  0:11  Drone  
  14  0:19  Overlord  
  14  0:36  Extractor  
  14  0:37  Drone x2  
  14  0:38  Drone  
  16  0:55  Spawning Pool  
  16  0:56  Drone  
  16  1:00  Drone  
  17  1:23  Hatchery  
  16  1:27  Drone  
  16  1:32  Overlord  
  17  1:36  Drone  
  18  1:45  Zergling x2  
  19  1:53  Zergling x2  
  20  1:55  Queen  
  22  2:03  Drone  
  23  2:15  Metabolic Boost  
  24  2:22  Drone  
  24  2:25  Drone  
  25  2:34  Queen  
  27  2:40  Queen  
  27  2:42  Drone x2  
  31  2:46  Drone  
  32  2:54  Drone  
  32  2:58  Drone  
  34  3:02  Drone  
  35  3:09  Drone  
  36  3:15  Overlord  
  36  3:27  Spine Crawler  
  36  3:28  Overlord  
  36  3:30  Drone  
  36  3:33  Roach Warren  
  35  3:35  Drone x3  
  38  3:42  Drone x3  
  38  3:47  Extractor  
  40  3:54  Drone x4  
  44  3:56  Drone x2  
  46  4:15  Drone x5  
  51  4:19  Lair  
  51  4:20  Hatchery  
  51  4:23  Zergling x4  
  52  4:35  Extractor  
  52  4:37  Zergling x2  
  52  4:38  Evolution Chamber  
  52  4:39  Overlord x3  
  51  4:47  Drone  
  52  4:59  Drone x3  
  56  5:00  Drone  
  56  5:04  Extractor  
  56  5:05  Spore Crawler  
  54  5:07  Roach  
  54  5:08  Roach x3  
  62  5:25  Roach x3  
  62  5:26  Roach  
  54  5:37  Roach x6  
  61  5:54  Queen  
  63  6:03  Roach x2  
  63  6:04  Roach x2  
  69  6:07  Roach  
  71  6:22  Drone  
  71  6:23  Drone x2  
  74  6:27  Drone  
  74  6:28  Drone x2  
  77  6:35  Drone, Spine Crawler  
  77  6:36  Drone  
  78  6:56  Drone x2  
  78  6:57  Drone  
  78  6:58  Drone  
  78  7:00  Overlord  
  78  7:01  Zerg Missile Weapons Level 1  
  80  7:10  Glial Reconstitution  
  74  7:26  Spore Crawler  
  74  7:29  Roach x6  
  86  7:30  Roach  
  81  7:40  Roach x2  
  76  8:00  Drone  
  75  8:08  Drone  
  75  8:20  Drone x2  
  75  8:21  Drone  
  75  8:23  Drone  
  75  8:24  Drone x2  
  75  8:26  Drone  
  82  8:32  Overseer  
  82  8:35  Drone  
  82  8:39  Spine Crawler  
  82  8:40  Drone  
  83  8:44  Spine Crawler  
  83  8:47  Ravager  
  83  8:48  Ravager x2  
  85  8:49  Drone  
  85  8:55  Spine Crawler  
  85  8:58  Overseer  
  83  9:22  Drone x2  
  83  9:23  Drone x2  
  86  9:28  Drone x2  
  86  9:29  Drone  
  88  9:35  Drone, Spine Crawler  
  88  9:40  Queen  
  90  9:48  Overlord x3  
  90  9:51  Extractor  
  89  9:55  Overlord  
  85  10:16  Roach x6  
  85  10:17  Roach  
  68  10:30  Roach  
  68  10:31  Roach x3  
  77  10:42  Drone  
  77  10:44  Overseer  
  77  10:45  Drone  
  76  11:16  Drone x3  
  76  11:17  Drone  
  76  11:18  Drone x2  
  82  11:21  Drone x3  
  85  11:28  Queen  
  85  11:30  Drone  
  88  11:34  Drone  
  88  11:35  Hydralisk Den  
  88  11:36  Drone  
  89  11:40  Drone  
  90  11:55  Zerg Missile Weapons Level 2  
  90  11:57  Drone x2  
  90  12:00  Queen, Extractor  
  93  12:03  Drone x2, Extractor  
  93  12:05  Drone  
  93  12:06  Drone x5  
  100  12:09  Drone  
  100  12:12  Drone  
  97  12:52  Drone x2  
  97  12:53  Drone x3  
  97  12:55  Drone x2  
  97  12:56  Drone x3  
  97  12:58  Drone x3  
  110  13:04  Overseer x2  
  110  13:08  Drone  
  110  13:12  Spine Crawler  
  110  13:13  Spine Crawler  
  110  13:15  Spine Crawler  
  110  13:19  Drone  
  109  13:20  Queen  
  109  13:23  Roach  
  109  13:24  Roach x4  
  109  13:25  Overlord  
  109  13:26  Overlord x3  
  121  13:45  Drone x2  
  123  13:49  Hatchery, Extractor  
  123  13:50  Drone x2, Spire  
  123  13:53  Extractor  
  121  13:57  Roach x2  
  121  13:58  Roach x5  
  135  14:14  Roach  
  137  14:27  Hydralisk x8  
  137  14:29  Overlord x5  
  153  14:36  Lurker Den  
  153  14:47  Overlord x3  
  153  14:50  Ravager x8  
  161  15:10  Hydralisk x3  
  161  15:11  Hydralisk x3  
  173  15:33  Drone x3  
  176  15:44  Hydralisk  
  176  15:45  Hydralisk x9  
  176  15:47  Queen  
  194  16:01  Spore Crawler  
  194  16:02  Spine Crawler, Hydralisk x3  
  194  16:03  Hydralisk  
  200  16:12  Infestation Pit  
  200  16:15  Hatchery  
  200  16:17  Drone x2  
  200  16:18  Overlord x2  
  175  16:38  Roach x8  
  175  16:39  Roach x2  
  158  16:43  Roach x8  
  146  16:53  Roach x6  
  152  16:55  Roach  
  150  17:06  Roach x3  
  150  17:11  Roach  
  152  17:19  Ravager x3  
  152  17:22  Hydralisk  
  150  17:54  Hydralisk x9  
  126  18:07  Hydralisk x3  
  132  18:14  Queen  
  134  18:33  Hydralisk x2  
  134  18:34  Hydralisk x4  
  95  18:43  Roach  
  95  18:50  Overseer  
  95  18:53  Overseer  
  90  19:09  Roach x2  
  54  19:50  Zergling x16  
Tags
 
Add a new tag
Caveats
  • Supply blocks, unpowered buildings, or Contaminate may cause inaccurate times.
  • Supply counts are checked every 10 seconds.